 Dungeon Crawl Stone Soup version 0.21-a0-372-gd0ff781 (webtiles) character file.

21 Monsterracer the Thaumaturge (level 2, 23/23 HPs)
             Began as a Gnoll Wanderer on Oct 16, 2017.
             Quit the game on level 1 of the Dungeon.
             The game lasted 00:02:46 (932 turns).

Monsterracer the Thaumaturge (Gnoll Wanderer)        Turns: 932, Time: 00:02:47

Health: 23/23      AC:  2    Str: 13    XL:     2   Next: 87%
Magic:  21/21      EV: 11    Int: 14    God:
Gold:   11         SH:  0    Dex: 15    Spells: 18/19 levels left

rFire    . . .     SeeInvis .   b - +0 short sword
rCold    . . .     Gourm    .   (no shield)
rNeg     . . .     Faith    .   e - +0 robe
rPois    .         Spirit   .   (no helmet)
rElec    .         Reflect  .   (no cloak)
rCorr    .         Harm     .   (no gloves)
MR       .....                  (no boots)
Stlth    +++.......             (no amulet)
HPRegen  0.07/turn              j - ring of magical power
MPRegen  0.17/turn              (no ring)

@: no status effects
A: distributed training, fangs 1, strong nose
a: no special abilities


You were on level 1 of the Dungeon.
You were not hungry.

You visited 1 branch of the dungeon, and saw 1 of its levels.

You collected 11 gold pieces.

Inventory:

Hand Weapons
 a - a +2 hand crossbow
 b - a +0 short sword (weapon)
Missiles
 f - 54 bolts
Armour
 e - a +0 robe (worn)
Jewellery
 j - a ring of magical power (left hand)
Scrolls
 d - a scroll of recharging {unknown}
 m - 3 scrolls of remove curse {unknown}
Potions
 c - a potion of curing {unknown}
 k - a potion of agility {unknown}
Books
 h - Xivax's Catalogue of Conjuration

   Spells                             Type                      Level
   a - Sting                          Conjuration/Poison           1
   b - Dazzling Spray                 Conjuration/Hexes            3
Comestibles
 g - a bread ration
 l - 3 fruits


   Skills:
 + Level 2.5 Fighting
 + Level 0.5 Short Blades
 + Level 0.5 Long Blades
 + Level 0.5 Axes
 + Level 0.5 Maces & Flails
 + Level 0.5 Polearms
 + Level 0.5 Staves
 + Level 0.5 Slings
 + Level 0.5 Bows
 + Level 2.5 Crossbows
 + Level 0.5 Throwing
 + Level 2.5 Armour
 + Level 0.5 Dodging
 + Level 4.1 Stealth
 + Level 0.5 Shields
 + Level 0.5 Unarmed Combat
 + Level 9.2 Spellcasting
 + Level 0.3 Conjurations
 + Level 0.3 Hexes
 + Level 0.3 Charms
 + Level 0.3 Summonings
 + Level 0.3 Necromancy
 + Level 0.3 Translocations
 + Level 0.3 Transmutations
 + Level 2.0 Fire Magic
 + Level 0.3 Ice Magic
 + Level 0.3 Air Magic
 + Level 0.3 Earth Magic
 + Level 0.3 Poison Magic
 + Level 0.6 Invocations
 + Level 0.5 Evocations


You had 18 spell levels left.
You knew the following spells:

 Your Spells              Type           Power        Failure   Level  Hunger
a - Sting                 Conj/Pois      #...         10%         1    None


Dungeon Overview and Level Annotations

Branches:
Dungeon (1/15)

Altars:


Innate Abilities, Weirdness & Mutations

Your experience applies equally to all skills.
You have very sharp teeth.
Your uncanny sense of smell can sniff out nearby items.


Message History

You see here a whip.
Found a stone staircase leading down.
A bat comes into view.
Found 11 gold pieces.
b - a +0 short sword (weapon)
You see here 11 gold pieces.
The bat misses you.
You closely miss the bat. The bat closely misses you.
The bat barely misses you.
You hit the bat.
The bat is moderately wounded.
The bat hits you but does no damage. The bat hits you.
Damage: -4%(-1hp) hp: 96%(22hp)
A bat comes into view.
The bat barely misses you. The bat barely misses you.
The bat hits you but does no damage.
You hit the bat.
You kill the bat!
The bat misses you. The bat hits you but does no damage.
The bat barely misses you. The bat hits you but does no damage.
The bat closely misses you.
You hit the bat.
You kill the bat!
No target in view!
No target in view!
Are you sure you want to abandon this character and quit the game? (Confirm with "yes".)

##...#....#####...####.#.#
#..(...#........## #.#.#
#..(############# #.#.#
###...# #.#.### #.....#
######### #.#...# ####.#...#
#.......# #.###.#
.........#####.......# #.#
#.#
####.##............†.#####.#
#.#
#.##.######..@.......$..#
#.# ###.##.# #.......#######
#.# #..#...# #.......# #.#
#.#.#### #.......# #>#
#.#.#### ######### #.# #
#....# #.# ####.# #.# #.#
#.# # #.# #.#


There were no monsters in sight!

Vanquished Creatures
  A leopard gecko (D:1)
  A ball python (D:1)
  2 hobgoblins (D:1)
  2 jackals (D:1)
  3 kobolds (D:1)
  4 bats (D:1)
  4 goblins (D:1)
  A rat (D:1)
18 creatures vanquished.

Notes
Turn   | Place    | Note
-------+----------+-------------------------------------------
     0 | D:1      | Reached skill level 9 in Spellcasting
     0 | D:1      | Monsterracer the Gnoll Wanderer began the quest for the Orb.
     0 | D:1      | Monsterracer set off with: a +2 hand crossbow, 24 bolts, Sif Muna's Disquisition on the Escort, Xivax's Catalogue of Conjuration, a +0 robe, a +0 dagger, a bread ration
     0 | D:1      | Reached XP level 1. HP: 17/17 MP: 10/10
     0 | D:1      | Identified Sif Muna's Disquisition on the Escort
     0 | D:1      | Identified Xivax's Catalogue of Conjuration
   172 | D:1      | Learned a level 1 spell: Sting
   335 | D:1      | Reached XP level 2. HP: 19/23 MP: 12/12
   932 | D:1      | Quit the game

Vault maps used:
D:1:      dpeg_arrival_court

Skill      XL: |  1 |
---------------+----+-----
Spellcasting   | |  9.2
Fire Magic     | 2 |  2.0
Fighting       | |  2.5
Short Blades   | |  0.5
Long Blades    | |  0.5
Axes           | |  0.5
Maces & Flails | |  0.5
Polearms       | |  0.5
Staves         | |  0.5
Slings         | |  0.5
Bows           | |  0.5
Crossbows      | |  2.5
Throwing       | |  0.5
Armour         | |  2.5
Dodging        | |  0.5
Stealth        | |  4.1
Shields        | |  0.5
Unarmed Combat | |  0.5
Conjurations   | |  0.3
Hexes          | |  0.3
Charms         | |  0.3
Summonings     | |  0.3
Necromancy     | |  0.3
Translocations | |  0.3
Transmutations | |  0.3
Ice Magic      | |  0.3
Air Magic      | |  0.3
Earth Magic    | |  0.3
Poison Magic   | |  0.3
Invocations    | |  0.6
Evocations     | |  0.5

Action                   || total
-------------------------++-------
Melee: Dagger            ||    14
       Short sword       ||     4
       Bite              ||     1
 Cast: Sting             ||    27
 Stab: Sleeping          ||     3
Armor: Robe              ||     9
Dodge: Dodged            ||    27

Table legend:
 A = Spawn XP
 B = Non-spawn XP
 C = Spawn XP percentage of total XP
 D = Spawn monster count
 E = Non-spawn monster count
 F = Spawn count percentage of total count
 G = Total turns spent on level
                    A         B        C        D         E        F      G
               +---------+---------+-------+---------+---------+-------+---------
         Total |       0 |      31 |   0.0 |       0 |      18 |   0.0 |   932
               +---------+---------+-------+---------+---------+-------+---------
           D:1 |       0 |      31 |   0.0 |       0 |      18 |   0.0 |   932
               +---------+---------+-------+---------+---------+-------+---------

Vault maps used:
D:1:      dpeg_arrival_court
